[Event "Titled Tuesday Blitz July 25 Late 2023"]
[White "Trifan, Andrei Ioan"]
[Black "UgarteCesar"]
[WhiteFideId "12967068"]
[WhiteElo "2576"]
[BlackElo "2290"]
[Result "1-0"]
[Round "1"]
[TimeControl "180+2"]
[Date "2023.07.25"]
[WhiteClock "0:00:12"]
[BlackClock "0:00:04"]
[Board "144"]

1. e4 c5 2. Nf3 Nc6 3. Bc4 e6 4. Nc3 a6 5. a4 Nge7 6. Ba2 g6 7. O-O Bg7 8. Re1 O-O 9. d3 d5 10. Bg5 h6 11. Bh4 Qd7 12. Qd2 b6 13. Rad1 Bb7 14. h3 Rfe8 15. e5 Nf5 16. Bg3 Nxg3 17. fxg3 Rac8 18. g4 Nd4 19. Qf2 Nxf3+ 20. gxf3 b5 21. axb5 axb5 22. f4 b4 23. Ne2 d4 24. Ng3 Kh7 25. Bc4 Qc6 26. Ne4 Rcd8 27. Kh2 Rf8 28. Qh4 Qc7 29. Ra1 Bxe4 30. Rxe4 f6 31. exf6 Rxf6 32. Qg3 Rdf8 33. Rf1 g5 34. Bxe6 Rxf4 35. Bf5+ Kh8 36. Rfxf4 gxf4 37. Qf3 Be5 38. Kg2 Kg7 39. Re2 Kf6 40. Qd5 Re8 41. Kf3 Qd6 42. Qc4 Qc6+ 43. Re4 Qd6 44. b3 Re7 45. h4 Kg7 46. g5 hxg5 47. hxg5 Kf8 48. g6 Qf6 49. Kg4 Kg7 50. Qd5 Re8 51. Qb7+ Re7 52. Qc8 Re8 53. Qxe8 f3 54. Re1 f2 55. Rf1 Qc6 56. Qxc6 1-0


[Site "https://www.chess.com"]

[Event "Titled Tuesday Blitz July 25 Late 2023"]
[White "Barwinska, Ewa"]
[Black "Ozates, Tuna"]
[WhiteFideId "21833761"]
[BlackFideId "6354521"]
[WhiteElo "2287"]
[BlackElo "2574"]
[Result "1-0"]
[Round "1"]
[TimeControl "180+2"]
[Date "2023.07.25"]
[WhiteClock "0:00:16"]
[BlackClock "0:00:00"]
[Board "145"]

1. e4 c5 2. Nf3 Nc6 3. d4 cxd4 4. Nxd4 Nf6 5. Nc3 e5 6. Ndb5 d6 7. Bg5 a6 8. Na3 b5 9. Bxf6 gxf6 10. Nd5 f5 11. Bd3 f4 12. Qh5 Be6 13. g3 fxg3 14. fxg3 Rc8 15. O-O Bg7 16. Rad1 O-O 17. c3 h6 18. Nc2 Qg5 19. Qxg5 hxg5 20. Nce3 Rfe8 21. Nf5 Bxf5 22. Rxf5 f6 23. Nxf6+ Bxf6 24. Rxf6 Kg7 25. Rxd6 Red8 26. Be2 Rxd6 27. Rxd6 b4 28. Bxa6 Rc7 29. Bb5 bxc3 30. bxc3 Na5 31. Rd7+ Rxd7 32. Bxd7 Nc4 33. a4 Kf6 34. Kf2 Ke7 35. Bc6 Kd6 36. Bd5 Na5 37. Ke3 g4 38. Kd3 Kc5 39. Be6 Nc6 40. Bxg4 Nd8 41. Bd7 Nf7 42. Be6 1-0


[Site "https://www.chess.com"]

[Event "Titled Tuesday Blitz July 25 Late 2023"]
[White "Rostomyan, Mikayel"]
[Black "Santos, Rafael Ventura Dos"]
[WhiteFideId "13313754"]
[BlackFideId "2122227"]
[WhiteElo "2571"]
[BlackElo "2284"]
[Result "0-1"]
[Round "1"]
[TimeControl "180+2"]
[Date "2023.07.25"]
[WhiteClock "0:00:00"]
[BlackClock "0:01:14"]
[Board "146"]

1. d4 Nf6 2. Nf3 g6 3. c4 Bg7 4. g3 O-O 5. Bg2 d6 6. Nc3 Nbd7 7. O-O e5 8. e4 exd4 9. Nxd4 Re8 10. Re1 Nc5 11. h3 c6 12. b4 Ne6 13. Be3 a5 14. a3 axb4 15. axb4 Rxa1 16. Qxa1 Nh5 17. Qd1 Qf6 18. Nce2 Nxd4 19. Bxd4 Qe7 20. Bxg7 Nxg7 21. Qd2 Be6 22. Rc1 f6 23. Nd4 Bf7 24. c5 dxc5 25. bxc5 Ne6 26. Nxe6 Bxe6 27. Qb2 Rd8 28. Kh2 Rd7 29. h4 f5 30. exf5 Bxf5 31. Qb4 Qe5 32. Re1 Qd4 33. Qb3+ Kg7 34. Re8 Rf7 35. Qe3 Qxe3 36. fxe3 Bg4 37. Kg1 Kf6 38. e4 Re7 39. Rd8 Ke5 40. Kf2 Rd7 41. Re8+ Kd4 42. e5 Kxc5 43. Ke3 Kb6 44. e6 Rd6 45. e7 Re6+ 46. Kf4 h5 47. Be4 Kc7 48. Bxg6 Kd7 49. Rb8 Kxe7 0-1


[Site "https://www.chess.com"]

[Event "Titled Tuesday Blitz July 25 Late 2023"]
[White "Ankerst, Mihael"]
[Black "Cappelletto, Joshuaede"]
[WhiteFideId "14602369"]
[BlackFideId "2824383"]
[WhiteElo "2283"]
[BlackElo "2571"]
[Result "0-1"]
[Round "1"]
[TimeControl "180+2"]
[Date "2023.07.25"]
[WhiteClock "0:01:33"]
[BlackClock "0:01:42"]
[Board "147"]

1. e4 c5 2. Nf3 e6 3. d4 cxd4 4. Nxd4 a6 5. c4 Nf6 6. Nc3 Bb4 7. Nc2 Bxc3+ 8. bxc3 d6 9. f3 O-O 10. Ba3 Ne8 11. e5 Qh4+ 12. g3 Qh6 13. exd6 Bd7 14. Bg2 Nc6 15. O-O Rc8 16. f4 Na5 17. Ne3 Nxc4 18. Nxc4 Rxc4 19. Bxb7 Rxc3 20. Bb2 Rc5 21. Qd4 Rb5 22. Bxa6 Rd5 23. Qa7 Rxd6 24. Ba3 Rd2 25. Rad1 Qxh2# 0-1


[Site "https://www.chess.com"]

[Event "Titled Tuesday Blitz July 25 Late 2023"]
[White "Vovk, Orest"]
[Black "EdmundPlayer"]
[WhiteFideId "14113490"]
[WhiteElo "2571"]
[BlackElo "2283"]
[Result "1-0"]
[Round "1"]
[TimeControl "180+2"]
[Date "2023.07.25"]
[WhiteClock "0:01:00"]
[BlackClock "0:00:00"]
[Board "148"]

1. g4 d5 2. h3 c5 3. Bg2 Nc6 4. c4 Nf6 5. g5 Nh5 6. cxd5 Ne5 7. d3 g6 8. Nc3 Bg7 9. e4 O-O 10. f4 Nd7 11. Bf3 Ng3 12. Rh2 Bd4 13. Rg2 Nh5 14. Bxh5 gxh5 15. Qxh5 e5 16. f5 Qa5 17. Bd2 Qb4 18. O-O-O c4 19. dxc4 Nc5 20. Be1 Na4 21. Nxa4 Qxa4 22. b3 Qa3+ 23. Kb1 b5 24. g6 fxg6 25. fxg6 Qe7 26. Bb4 1-0


[Site "https://www.chess.com"]

[Event "Titled Tuesday Blitz July 25 Late 2023"]
[White "Kaganskiy, Gleb"]
[Black "Pham, Le Thao Nguyen"]
[WhiteFideId "4132025"]
[BlackFideId "12401226"]
[WhiteElo "2282"]
[BlackElo "2568"]
[Result "0-1"]
[Round "1"]
[TimeControl "180+2"]
[Date "2023.07.25"]
[WhiteClock "0:00:46"]
[BlackClock "0:00:41"]
[Board "149"]

1. e4 c5 2. Nc3 Nc6 3. Bb5 Nd4 4. Nf3 Nxb5 5. Nxb5 a6 6. Nc3 d6 7. d4 cxd4 8. Qxd4 e5 9. Qb4 h6 10. Be3 Nf6 11. O-O-O Qc7 12. Qb6 Qxb6 13. Bxb6 Bg4 14. Rd3 Rc8 15. Rhd1 Rc6 16. Be3 Be7 17. h3 Be6 18. b3 O-O 19. Nd2 Rfc8 20. Kb2 b5 21. f3 b4 22. Nd5 Rxc2+ 23. Kb1 Nxd5 24. exd5 Bf5 25. Ne4 Rxg2 26. Rc1 Rxc1+ 27. Bxc1 Bxh3 28. Bd2 a5 29. a3 f5 0-1


[Site "https://www.chess.com"]

[Event "Titled Tuesday Blitz July 25 Late 2023"]
[White "The_Sherman_Variation"]
[Black "Boder, Jan"]
[BlackFideId "16243226"]
[WhiteElo "2566"]
[BlackElo "2281"]
[Result "0-1"]
[Round "1"]
[TimeControl "180+2"]
[Date "2023.07.25"]
[WhiteClock "0:01:31"]
[BlackClock "0:01:30"]
[Board "150"]

1. Nf3 Nf6 2. g3 g6 3. Bg2 Bg7 4. O-O O-O 5. d4 d6 6. c4 c5 7. d5 b5 8. cxb5 a6 9. bxa6 Bxa6 10. Nc3 Nbd7 11. Re1 Qa5 12. e4 Ng4 13. Bd2 Rfb8 14. Qc2 Nge5 15. Nxe5 Nxe5 16. Reb1 Bd3 17. Qd1 Bxb1 18. Rxb1 Nd3 19. Qc2 Nb4 20. Qd1 Nxa2 21. Nxa2 Qxa2 22. b3 Ra3 23. b4 Rd3 0-1


[Site "https://www.chess.com"]

[Event "Titled Tuesday Blitz July 25 Late 2023"]
[White "Broca Jimenez, Fernando"]
[Black "Golubev, Mikhail"]
[WhiteFideId "5104742"]
[BlackFideId "14100983"]
[WhiteElo "2273"]
[BlackElo "2564"]
[Result "1-0"]
[Round "1"]
[TimeControl "180+2"]
[Date "2023.07.25"]
[WhiteClock "0:00:04"]
[BlackClock "0:00:00"]
[Board "151"]

1. e4 c5 2. c3 d5 3. exd5 Nf6 4. d4 Nxd5 5. Nf3 e6 6. Bd3 Nc6 7. O-O Be7 8. dxc5 Bxc5 9. Bg5 Be7 10. Bxe7 Qxe7 11. Nbd2 O-O 12. Re1 Rd8 13. Qc2 h6 14. Be4 Qc7 15. Nb3 Nf6 16. Rad1 Bd7 17. Nc5 Be8 18. Bd3 Rac8 19. Ne4 Nd5 20. Ng3 Nf4 21. Bf1 b6 22. Ne2 Nd5 23. Ned4 Nxd4 24. Nxd4 Nf6 25. g3 a5 26. Bg2 b5 27. Nf3 Rxd1 28. Rxd1 b4 29. c4 Qxc4 30. Qd2 Qc7 31. Bf1 Bc6 32. Qd6 Qxd6 33. Rxd6 Bxf3 34. h3 Rc1 35. Rd2 Be4 36. f3 Bxf3 37. Kf2 Be4 38. Bb5 1-0


[Site "https://www.chess.com"]

[Event "Titled Tuesday Blitz July 25 Late 2023"]
[White "Banzea, Alexandru-Bogdan"]
[Black "Miguelitro69"]
[WhiteFideId "1232622"]
[WhiteElo "2563"]
[BlackElo "2273"]
[Result "0-1"]
[Round "1"]
[TimeControl "180+2"]
[Date "2023.07.25"]
[WhiteClock "0:00:36"]
[BlackClock "0:01:25"]
[Board "152"]

1. d4 d5 2. Nc3 e6 3. Bf4 Bd6 4. e3 Bxf4 5. exf4 Ne7 6. Nf3 Ng6 7. g3 b6 8. h4 Bb7 9. h5 Ne7 10. h6 g6 11. Ne5 Nd7 12. Qf3 Nf5 13. O-O-O a6 14. g4 Nd6 15. f5 gxf5 16. gxf5 Qg5+ 17. Kb1 Qxf5 18. Qg3 O-O-O 19. Bh3 Qf6 20. Nxd7 Kxd7 21. Qg7 Ke7 22. Rdg1 Rdg8 23. Qxg8 Rxg8 24. Rxg8 Qxd4 25. Rg7 b5 26. Rxh7 b4 27. Rd1 Qh4 28. Rh1 bxc3 29. a3 Qe4 0-1


[Site "https://www.chess.com"]

[Event "Titled Tuesday Blitz July 25 Late 2023"]
[White "Schut, Han"]
[Black "Al-Tarboush, Ward"]
[WhiteFideId "1005561"]
[BlackFideId "7601450"]
[WhiteElo "2272"]
[BlackElo "2563"]
[Result "0-1"]
[Round "1"]
[TimeControl "180+2"]
[Date "2023.07.25"]
[WhiteClock "0:00:11"]
[BlackClock "0:00:58"]
[Board "153"]

1. e4 c5 2. Nf3 e6 3. c4 d5 4. exd5 exd5 5. cxd5 Nf6 6. Nc3 Bg4 7. Qa4+ Nbd7 8. Ne5 Qe7 9. f4 Kd8 10. d6 Qe8 11. Bb5 Bxd6 12. O-O Bxe5 13. fxe5 Qxe5 14. Qa5+ b6 15. Qa6 Qd4+ 16. Kh1 Re8 17. Bxd7 Qxd7 18. d4 cxd4 19. Nb5 Be2 20. Rxf6 gxf6 21. a4 Bxb5 22. axb5 Re1# 0-1


[Site "https://www.chess.com"]

[Event "Titled Tuesday Blitz July 25 Late 2023"]
[White "Tarhan, Adar"]
[Black "Georg, Heinz"]
[WhiteFideId "34544712"]
[BlackFideId "4607295"]
[WhiteElo "2563"]
[BlackElo "2272"]
[Result "1-0"]
[Round "1"]
[TimeControl "180+2"]
[Date "2023.07.25"]
[WhiteClock "0:01:35"]
[BlackClock "0:00:06"]
[Board "154"]

1. d4 e6 2. c3 f5 3. Nf3 Nf6 4. Bg5 b6 5. Nbd2 Bb7 6. g3 Be7 7. Bg2 O-O 8. O-O d6 9. Re1 Nbd7 10. Bxf6 Nxf6 11. Ng5 Bxg2 12. Kxg2 Qd7 13. Qb3 d5 14. Ngf3 Bd6 15. Rad1 c5 16. c4 cxd4 17. Nxd4 Bc5 18. N2f3 Bxd4 19. Rxd4 Qd6 20. cxd5 e5 21. Rdd1 Rfd8 22. Ng5 Nxd5 23. e4 fxe4 24. Nxe4 Qc6 25. Nc3 1-0


[Site "https://www.chess.com"]

[Event "Titled Tuesday Blitz July 25 Late 2023"]
[White "Vafin, Ayrat"]
[Black "Ambartsumova, Karina"]
[WhiteFideId "4146530"]
[BlackFideId "4166299"]
[WhiteElo "2272"]
[BlackElo "2563"]
[Result "0-1"]
[Round "1"]
[TimeControl "180+2"]
[Date "2023.07.25"]
[WhiteClock "0:00:22"]
[BlackClock "0:01:33"]
[Board "155"]

1. d4 d6 2. Bf4 Nf6 3. e3 g6 4. c4 Bg7 5. Nc3 O-O 6. Nf3 Nc6 7. h3 Re8 8. Be2 Nd7 9. O-O e5 10. dxe5 Ndxe5 11. Bxe5 Nxe5 12. Nxe5 Bxe5 13. Qc2 Bg7 14. Bf3 c6 15. Rad1 Qc7 16. Rd2 Bf5 17. Qb3 Rad8 18. Rfd1 a6 19. Ne4 Bxe4 20. Bxe4 Rxe4 21. f3 Ree8 22. Qa3 Bf8 23. Qc3 Qb6 24. Re1 Bg7 25. Qc2 Rxe3 26. Rxe3 Qxe3+ 27. Kh2 Be5+ 28. g3 Qxf3 29. Rg2 Re8 30. b3 Bxg3+ 31. Rxg3 Re2+ 32. Qxe2 Qxe2+ 33. Rg2 Qe5+ 34. Kh1 d5 35. cxd5 cxd5 36. Kg1 d4 37. Kf1 d3 38. Rd2 Qe3 39. Rb2 Qc1+ 40. Kf2 Qxb2+ 41. Ke3 Qe2+ 42. Kd4 d2 43. Kc5 d1=Q 44. Kb4 Qb5+ 45. Ka3 Qc1# 0-1


[Site "https://www.chess.com"]

[Event "Titled Tuesday Blitz July 25 Late 2023"]
[White "Vlassov, Nikolai"]
[Black "Thiel, Thomas"]
[WhiteFideId "4103360"]
[BlackFideId "4615964"]
[WhiteElo "2561"]
[BlackElo "2268"]
[Result "1-0"]
[Round "1"]
[TimeControl "180+2"]
[Date "2023.07.25"]
[WhiteClock "0:00:10"]
[BlackClock "0:00:00"]
[Board "156"]

1. e4 d5 2. exd5 Nf6 3. d4 Nxd5 4. Nf3 g6 5. c4 Nb6 6. Nc3 Bg7 7. c5 Nd5 8. Bc4 Nxc3 9. bxc3 O-O 10. O-O Nc6 11. Bg5 Na5 12. Be2 b6 13. cxb6 axb6 14. Re1 Re8 15. Rc1 Be6 16. c4 Bg4 17. d5 Nb7 18. Qd2 Nc5 19. Be3 Ne4 20. Qd3 Bf5 21. Qb3 Qd6 22. Nd4 Nc5 23. Nxf5 gxf5 24. Qc2 e6 25. Bf3 Ra3 26. dxe6 fxe6 27. Rcd1 Qe7 28. Bc6 Rd8 29. Bxc5 bxc5 30. Rxd8+ Qxd8 31. Rxe6 Rxa2 32. Qb1 Ra1 33. Qxa1 Bxa1 34. Re8+ Qxe8 35. Bxe8 Kf8 36. Bd7 f4 37. Bf5 h6 38. Kf1 Ke7 39. Ke2 Kf6 40. Be4 Ke5 41. Bd5 Kd4 42. Kf3 Ke5 43. Kg4 Bd4 44. Kh5 Bxf2 45. Kxh6 Kf5 46. Kh5 Kf6 47. Kg4 Be3 48. Kf3 Bc1 49. Be4 Kg5 50. Bd5 Kh4 51. Ke4 Bd2 52. Be6 Be1 53. Kxf4 Bf2 54. Kf3 Bg1 55. g3+ Kg5 56. h4+ Kf6 57. Bd5 Bd4 58. Ke4 Bc3 59. g4 Be1 60. h5 Kg5 61. Be6 Bc3 62. Kd5 Bd4 63. Kc6 Be3 64. Kxc7 Bd4 65. Bf5 Be3 66. Kd6 Bd4 67. Ke6 Kh6 68. Kf7 Kg5 69. Kg8 Kh6 70. Bd7 Be3 71. Kf7 Bd2 72. Kf6 Be3 73. Kf5 Bd2 74. Ke4 Bc3 75. Be6 Bd4 76. Kf4 Bf6 77. Kf5 Bg5 78. Bf7 Be3 79. Kf6 Bf4 80. Bg6 Be3 81. Ke5 Bd2 82. Kd5 Be3 83. Bf5 Kg5 84. Ke6 Kh6 85. Kf6 Bd4+ 86. Ke6 Be3 87. Ke5 Bd2 88. Ke4 Bc1 89. Be6 Bd2 90. Bf7 Bc1 91. Kf5 Bd2 92. Ke4 Bc1 93. Kd5 Be3 94. Ke5 Bd2 95. Be8 Be3 96. Kf5 Bd2 97. Ke4 Bc1 98. Kd5 Be3 99. Ke5 Bf2 100. Kf5 Be3 101. Ke4 Bd2 102. Kd3 Bg5 103. Ke4 Bd2 104. Kd5 Be3 105. Ke5 Kg5 106. Ke4 1-0


[Site "https://www.chess.com"]

[Event "Titled Tuesday Blitz July 25 Late 2023"]
[White "Chemin, Justo Reinaldo"]
[Black "ATM622"]
[WhiteFideId "2101580"]
[WhiteElo "2259"]
[BlackElo "2560"]
[Result "0-1"]
[Round "1"]
[TimeControl "180+2"]
[Date "2023.07.25"]
[WhiteClock "0:00:21"]
[BlackClock "0:01:40"]
[Board "157"]

1. d4 Nf6 2. Nf3 e6 3. Bg5 d5 4. e3 c5 5. Nbd2 Nc6 6. c3 h6 7. Bh4 Be7 8. Bd3 b6 9. Qe2 Bb7 10. O-O O-O 11. dxc5 bxc5 12. Bxf6 Bxf6 13. e4 c4 14. Bc2 Qc7 15. Rfe1 Ne5 16. Nxe5 Bxe5 17. g3 Rfe8 18. f4 Qb6+ 19. Kg2 Qxb2 20. Ba4 Bxc3 21. Bxe8 Rxe8 22. Rab1 Qxd2 23. Qxd2 Bxd2 24. Re2 c3 25. Rxb7 c2 26. Rc7 c1=Q 27. Rxc1 Bxc1 28. exd5 Kf8 29. dxe6 Rxe6 30. Rc2 Ba3 31. Rc8+ Re8 32. Rc7 Re2+ 33. Kh3 a5 34. Ra7 Bb4 35. a3 Be1 36. a4 Re4 37. Ra8+ Ke7 38. Ra7+ Ke6 39. Ra6+ Kd5 40. Ra7 g5 41. Rxf7 gxf4 42. gxf4 Rxa4 43. Rh7 Rxf4 44. Rxh6 Rh4+ 45. Rxh4 Bxh4 46. Kxh4 a4 47. Kg5 a3 48. h4 a2 49. h5 a1=Q 0-1


[Site "https://www.chess.com"]

[Event "Titled Tuesday Blitz July 25 Late 2023"]
[White "Horobetz, Graham"]
[Black "Doluhanova, Evgeniya"]
[WhiteFideId "2047322"]
[BlackFideId "14112035"]
[WhiteElo "2555"]
[BlackElo "2253"]
[Result "1-0"]
[Round "1"]
[TimeControl "180+2"]
[Date "2023.07.25"]
[WhiteClock "0:00:07"]
[BlackClock "0:00:00"]
[Board "158"]

1. e4 c5 2. Nf3 d6 3. d4 cxd4 4. Nxd4 Nf6 5. Nc3 a6 6. f3 e5 7. Nb3 Be7 8. Be3 Be6 9. Qd2 Nbd7 10. O-O-O b5 11. Nd5 Nxd5 12. exd5 Bf5 13. Kb1 Rc8 14. Bd3 Bxd3 15. Qxd3 O-O 16. g4 Bg5 17. h4 Bxe3 18. Qxe3 Nb6 19. Na5 Nc4 20. Nxc4 Rxc4 21. h5 h6 22. Rhe1 Rf4 23. Qa3 Qb6 24. Re4 Rxe4 25. fxe4 Rc8 26. Qf3 Qc5 27. c3 b4 28. Rc1 a5 29. c4 Qd4 30. Qe2 a4 31. Qc2 a3 32. b3 g6 33. Rd1 Qe3 34. Qd2 Qxe4+ 35. Kc1 Qxg4 36. hxg6 fxg6 37. Qxh6 Qf4+ 38. Qxf4 exf4 39. Re1 f3 40. Kd2 Rf8 41. Rg1 Kg7 42. Ke3 Re8+ 43. Kxf3 Kf6 44. Rh1 Kf5 45. Rh7 g5 46. Rf7+ Kg6 47. Rd7 g4+ 48. Kxg4 Re2 49. Rxd6+ Kf7 50. Rb6 Rxa2 51. Rb7+ Kf6 52. Rxb4 Rb2 53. Kf4 a2 54. Ra4 Rf2+ 55. Ke4 Rb2 56. Kd4 Ke7 57. Kc5 Kd7 58. b4 Kc7 59. b5 1-0


[Site "https://www.chess.com"]

[Event "Titled Tuesday Blitz July 25 Late 2023"]
[White "Celestino, Rafael Teixeira"]
[Black "Antonica, Dragos-Andrei"]
[WhiteFideId "2108925"]
[BlackFideId "1246372"]
[WhiteElo "2253"]
[BlackElo "2555"]
[Result "1-0"]
[Round "1"]
[TimeControl "180+2"]
[Date "2023.07.25"]
[WhiteClock "0:00:27"]
[BlackClock "0:01:33"]
[Board "159"]

1. e4 Nf6 2. e5 Nd5 3. c4 Nb6 4. c5 Nd5 5. Nc3 c6 6. d4 d6 7. cxd6 exd6 8. Nf3 Nxc3 9. bxc3 dxe5 10. Nxe5 Be6 11. Rb1 Qc7 12. Qc2 Bd6 13. f4 f6 14. Nf3 O-O 15. Bd3 g6 16. O-O Na6 17. f5 gxf5 18. Bxf5 Bxf5 19. Qxf5 Qg7 20. Qe6+ Rf7 21. Qxd6 Re8 22. Bf4 Rfe7 23. Nh4 Re2 24. Bg3 R2e6 25. Qf4 Re4 26. Qf3 R8e6 27. Nf5 Qg5 28. Rxb7 Kf8 29. Rxa7 h5 30. Rxa6 h4 31. Bf4 1-0


[Site "https://www.chess.com"]

[Event "Titled Tuesday Blitz July 25 Late 2023"]
[White "Cremisi, Daniel"]
[Black "rikchessmx"]
[WhiteFideId "2089882"]
[WhiteElo "2554"]
[BlackElo "2253"]
[Result "0-1"]
[Round "1"]
[TimeControl "180+2"]
[Date "2023.07.25"]
[WhiteClock "0:01:33"]
[BlackClock "0:01:45"]
[Board "160"]

1. d4 d5 2. c4 e6 3. Nc3 Nf6 4. cxd5 exd5 5. Bg5 Be7 6. e3 c6 7. Bd3 Nbd7 8. Qc2 O-O 9. Nge2 g6 10. O-O Nh5 11. Bxe7 Qxe7 12. Rae1 f5 13. Ng3 Ndf6 14. Nxh5 Nxh5 15. f3 Qg7 16. Qf2 f4 17. e4 dxe4 18. fxe4 Be6 19. Be2 Kh8 20. Bxh5 gxh5 21. Kh1 Rad8 22. Rd1 Bc4 23. Rfe1 Qg4 24. e5 f3 25. gxf3 Rxf3 26. Qg2 Qf5 27. Ne4 Rg8 28. Ng3 Qg4 29. Re4 Rf4 30. Rxf4 Qxf4 31. Nxh5 Qh4 32. Ng3 Bd5 0-1


[Site "https://www.chess.com"]

[Event "Titled Tuesday Blitz July 25 Late 2023"]
[White "Vaglio Munoz, Jaime"]
[Black "Feng, Eric"]
[WhiteFideId "6500145"]
[BlackFideId "30952590"]
[WhiteElo "2249"]
[BlackElo "2554"]
[Result "0-1"]
[Round "1"]
[TimeControl "180+2"]
[Date "2023.07.25"]
[WhiteClock "0:00:09"]
[BlackClock "0:00:23"]
[Board "161"]

1. Nf3 d5 2. c4 Nf6 3. cxd5 Nxd5 4. g3 g6 5. Bg2 Bg7 6. O-O O-O 7. Nc3 Nxc3 8. dxc3 c6 9. Be3 Be6 10. Qc2 Nd7 11. Rad1 Qa5 12. Nd4 Bxd4 13. Bxd4 Qxa2 14. Qd2 Nf6 15. Qh6 Qxb2 16. h4 Rad8 17. Rb1 Qxe2 18. Rxb7 Bd5 19. Bxd5 cxd5 20. Qe3 Qxe3 21. fxe3 Nd7 22. Rxa7 e5 23. Rxd7 Rxd7 24. Bxe5 Re8 25. Bd4 Rde7 26. Kg2 Rxe3 27. Bxe3 Rxe3 28. Rd1 Re5 29. Kf3 f6 30. g4 Kf7 31. Rd4 Ke6 32. c4 dxc4 33. Rxc4 Rd5 34. Rc6+ Rd6 35. Rc7 Rd7 36. Rc6+ Ke7 37. h5 Ra7 38. hxg6 hxg6 39. Kg3 Kf7 40. Kf4 g5+ 41. Kf3 Ra4 42. Kg3 Kg6 43. Rb6 Ra3+ 44. Kf2 Rc3 45. Kg2 Kf7 46. Ra6 Ke7 47. Rb6 Rd3 48. Ra6 Rd6 49. Ra7+ Ke6 50. Kf3 Rd3+ 51. Kf2 Ke5 52. Ra5+ Kf4 53. Rf5+ Kxg4 54. Rxf6 Rd2+ 55. Kf1 Kg3 56. Rb6 g4 57. Rb3+ Kh2 58. Rb8 Kh3 59. Rh8+ Kg3 60. Rb8 Rd3 61. Rh8 Ra3 62. Rh7 Ra1+ 63. Ke2 Kg2 64. Rb7 g3 65. Rb2 Kg1 66. Kf3 Ra3+ 67. Kg4 g2 68. Rb8 Kf1 69. Rb1+ Kf2 70. Rb2+ Kg1 71. Rb1+ Kh2 72. Rb2 Kh1 73. Rb8 g1=Q+ 74. Kf4 Qh2+ 75. Ke4 Qxb8 76. Kd5 Qb5+ 77. Ke4 Qb4+ 78. Kd5 Ra5+ 79. Kc6 Qc5+ 80. Kd7 Ra6 81. Ke8 Qc7 82. Kf8 Ra8# 0-1


[Site "https://www.chess.com"]

[Event "Titled Tuesday Blitz July 25 Late 2023"]
[White "Richter, Paul"]
[Black "Ward, Ieuan C"]
[WhiteFideId "2046350"]
[BlackFideId "406627"]
[WhiteElo "2551"]
[BlackElo "2243"]
[Result "1-0"]
[Round "1"]
[TimeControl "180+2"]
[Date "2023.07.25"]
[WhiteClock "0:01:36"]
[BlackClock "0:02:03"]
[Board "162"]

1. e4 e5 2. Nf3 Nc6 3. Bb5 a6 4. Ba4 Nf6 5. d3 b5 6. Bb3 d6 7. c3 Be7 8. O-O O-O 9. Nbd2 Na5 10. Bc2 c5 11. Re1 Bb7 12. Nf1 Qc7 13. Ng3 Rfe8 14. h3 Bf8 15. Nh2 d5 16. Ng4 Nxg4 17. Qxg4 d4 18. Bd2 Bc8 19. Qf3 Be6 20. Rac1 Qd7 21. cxd4 Nb7 22. d5 1-0


[Site "https://www.chess.com"]

[Event "Titled Tuesday Blitz July 25 Late 2023"]
[White "Cardozo Munar, Carlos Eduardo"]
[Black "Dragomirescu, Robin-Alexandru"]
[WhiteFideId "4409477"]
[BlackFideId "1213849"]
[WhiteElo "2241"]
[BlackElo "2551"]
[Result "0-1"]
[Round "1"]
[TimeControl "180+2"]
[Date "2023.07.25"]
[WhiteClock "0:00:00"]
[BlackClock "0:00:08"]
[Board "163"]

1. e4 g6 2. Nf3 Nf6 3. Nc3 d5 4. exd5 Nxd5 5. Nxd5 Qxd5 6. d4 Bg7 7. c3 c5 8. dxc5 Qxc5 9. Be2 O-O 10. O-O e5 11. Be3 Qc7 12. Qb3 Be6 13. Qc2 h6 14. Rad1 Nc6 15. Rfe1 Rfd8 16. h3 Nd4 17. Qc1 Nxe2+ 18. Rxe2 Bxa2 19. Rxd8+ Rxd8 20. Bxh6 Bc4 21. Re1 f6 22. Bxg7 Kxg7 23. Rd1 b6 24. g4 e4 25. Rxd8 Qxd8 26. Qd2 Qc7 27. Nd4 Qe5 28. Nc6 Qc7 29. Nd4 a5 30. b3 Bf7 31. Nb5 Qe5 32. Qd7 Qe6 33. Qxe6 Bxe6 34. c4 a4 35. bxa4 Bxc4 36. Nd6 Bd3 37. Nc8 b5 38. axb5 Bxb5 39. Nd6 Bd3 40. f3 exf3 41. Kf2 Be2 42. Ne4 Kf7 43. Nd2 Ke6 44. Nxf3 Bb5 45. Ke3 Be8 46. h4 Kd5 47. Kf4 Ke6 48. g5 fxg5+ 49. Kxg5 Kf7 50. Ne5+ Kg7 51. Ng4 Bf7 52. Nf6 Be6 53. Ne4 Bf7 54. Nd6 Be6 55. Ne8+ Kf7 56. Nf6 Kg7 57. Ne4 Bf7 58. Nc5 Bg8 59. Nd7 Bf7 60. Ne5 Be8 61. Kf4 Kf6 0-1


[Site "https://www.chess.com"]

[Event "Titled Tuesday Blitz July 25 Late 2023"]
[White "Rottenwohrer Suarez, Juan"]
[Black "Mohamed Saeed Laily"]
[WhiteFideId "32068182"]
[BlackFideId "9314946"]
[WhiteElo "2548"]
[BlackElo "2238"]
[Result "0-1"]
[Round "1"]
[TimeControl "180+2"]
[Date "2023.07.25"]
[WhiteClock "0:00:00"]
[BlackClock "0:00:05"]
[Board "164"]

1. e4 c6 2. d4 d5 3. exd5 cxd5 4. Bd3 Nc6 5. c3 Nf6 6. h3 g6 7. Bf4 Bg7 8. Nf3 O-O 9. Nbd2 Bf5 10. Bxf5 gxf5 11. g4 Qc8 12. Ne5 fxg4 13. hxg4 Nxe5 14. Bxe5 Qe6 15. Qe2 Nxg4 16. Bxg7 Qxe2+ 17. Kxe2 Kxg7 18. Rhg1 h5 19. f3 f5 20. fxg4 fxg4 21. Nf1 Kg6 22. Ne3 e6 23. Raf1 Kg5 24. Rxf8 Rxf8 25. c4 dxc4 26. Nxc4 Rf4 27. Ke3 Rf3+ 28. Ke4 Rf2 29. Ke5 Re2+ 30. Kd6 h4 31. Ne5 g3 32. Kxe6 Kf4 33. Kd5 h3 34. Ng6+ Kf3 35. Nh4+ Kf2 36. Rh1 g2 37. Rh2 Kg3 38. Rxh3+ Kxh3 39. Nxg2 Kxg2 40. Kc5 Rxb2 41. d5 Rxa2 42. d6 Rd2 0-1


[Site "https://www.chess.com"]

[Event "Titled Tuesday Blitz July 25 Late 2023"]
[White "Sariego Figueredo, Wilfredo"]
[Black "Ismagilov, Damir"]
[WhiteFideId "3500080"]
[BlackFideId "34199982"]
[WhiteElo "2232"]
[BlackElo "2546"]
[Result "1-0"]
[Round "1"]
[TimeControl "180+2"]
[Date "2023.07.25"]
[WhiteClock "0:00:40"]
[BlackClock "0:00:17"]
[Board "165"]

1. d4 Nc6 2. Bf4 d5 3. Nf3 Bf5 4. c3 f6 5. e3 g5 6. Bg3 h5 7. h3 e6 8. Bd3 Nh6 9. O-O h4 10. Bh2 Bd6 11. Bxd6 Qxd6 12. Re1 O-O-O 13. Qc2 g4 14. hxg4 Bxg4 15. Nbd2 e5 16. dxe5 fxe5 17. Be2 Bf5 18. Qa4 Ng4 19. e4 dxe4 20. Nxe4 Qg6 21. Nfg5 h3 22. Bxg4 Bxg4 23. Nd6+ Kb8 24. Qxg4 h2+ 25. Kh1 Rxd6 26. Rad1 Rg8 27. Rxd6 cxd6 28. f4 exf4 29. Qxf4 Qxg5 30. Re8+ Kc7 31. Qf7+ Kb6 32. Rxg8 Ne5 33. Rxg5 Nxf7 34. Rg6 Kc6 35. Kxh2 Ne5 36. Rf6 Nc4 37. b3 Ne3 38. Rf4 Nd1 39. g4 Kd7 40. c4 Ne3 41. g5 d5 42. cxd5 Nxd5 43. Rd4 Ke6 44. Rxd5 Kxd5 45. g6 Ke6 46. Kg3 Kf6 47. Kf4 Kxg6 48. Ke5 Kf7 49. Kd6 a5 50. Kc7 b5 51. Kb6 a4 52. Kxb5 axb3 53. axb3 Ke6 54. Kc6 Ke7 55. Kc7 Ke6 56. b4 Kd5 57. b5 Kc5 58. b6 1-0


[Site "https://www.chess.com"]

[Event "Titled Tuesday Blitz July 25 Late 2023"]
[White "FoxOnTheRun97"]
[Black "Sarkar, Justin"]
[BlackFideId "2010011"]
[WhiteElo "2545"]
[BlackElo "2230"]
[Result "1-0"]
[Round "1"]
[TimeControl "180+2"]
[Date "2023.07.25"]
[WhiteClock "0:00:23"]
[BlackClock "0:00:01"]
[Board "166"]

1. Nf3 d5 2. c4 d4 3. g3 Nc6 4. Bg2 e5 5. O-O e4 6. Ne1 Nf6 7. d3 h5 8. dxe4 h4 9. Bg5 hxg3 10. hxg3 Be7 11. e3 Be6 12. Nd2 dxe3 13. Bxe3 Ng4 14. Bf4 Nh2 15. e5 Qd7 16. Ne4 O-O-O 17. Qa4 Nd4 18. Qxd7+ Rxd7 19. Nc3 Bxc4 20. Be3 Nxf1 21. Bxf1 Bxf1 22. Kxf1 c5 23. Ne4 Rd5 24. f4 b6 25. Kg2 Nf5 26. Bf2 Rd7 27. Nf3 Nd4 28. Nxd4 cxd4 29. Rc1+ Kb7 30. Rd1 Rhd8 31. Rd3 Kc6 32. Kf3 Kd5 33. Nd2 Kc6 34. Ne4 a5 35. a4 Bc5 36. g4 Kd5 37. Ng5 Kc4 38. Ke4 f6 39. Be1 fxg5 40. b3# 1-0


[Site "https://www.chess.com"]